[Event "Romanian Superliga 2024"]
[Site "Mamaia"]
[Date "2024.10.03"]
[Round "6.14"]
[White "Ogleznev, Alexandr"]
[Black "Tarlev, Konstantin"]
[Result "1/2-1/2"]
[ECO "B51"]
[WhiteElo "2301"]
[BlackElo "2579"]
[Annotator "TA"]
[PlyCount "58"]
[EventDate "2024.09.26"]
[EventType "team-tourn"]
[EventCountry "ROU"]
[SourceTitle "playchess.com"]
[Source "ChessBase"]
[SourceQuality "1"]
[TimeControl "40/5400+30:1800+30"]

1. e4 c5 2. Nf3 d6 3. Bb5+ Nc6 4. O-O Bd7 5. Re1 Nf6 6. c3 a6 7. Bf1 Bg4 8. d4 cxd4 9. cxd4 e5 10. d5 Nd4 11. Be3 Nxf3+ {[%emt 0:01:31] White is slightly better.} 12. gxf3 Bd7 13. Nd2 Be7 14. Nc4 b5 15. Nb6 Rb8 16. Nxd7 Nxd7 17. Rc1 Bg5 18. Rc6 Bxe3 19. Rxe3 Nb6 (19... Nf8 $14) 20. Ra3 $16 Ra8 21. Qd2 O-O {[%emt 0:00:11] [#]} 22. Qb4 {[%emt 0:03:58] White has more active pieces.} (22. f4 $1 $16) 22... Qg5+ 23. Kh1 Nc8 (23... g6 $11 {keeps the balance.}) 24. Raxa6 Ne7 25. Rxa8 (25. Rxd6 $6 Rac8 $11) 25... Rxa8 {[%emt 0:00:02] [#]} 26. Rc7 (26. Rxd6 $6 h6 $11) (26. Qxb5 $1 $16 Nxc6 (26... Rxa2 27. Rc8+ Nxc8 28. Qe8#) 27. dxc6) 26... Qf6 (26... Qf4 $1 $11 {remains equal.} 27. Qxb5 (27. Rxe7 Qxf3+ 28. Kg1 Kf8 $11) 27... Ng6) 27. Qc3 (27. Bxb5 $2 {loses.} Qxf3+ 28. Kg1 Qg4+ 29. Kf1 Nxd5 $19) (27. Qxb5 $16 {Black must now prevent a4.} h6 (27... Qxf3+ 28. Bg2 $11) 28. a4) 27... b4 $11 {[%emt 0:00:13] The position is equal.} 28. Qb3 h5 29. Rc4 (29. Qxb4 $2 {perishes.} Qxf3+ 30. Kg1 Qg4+ 31. Kh1 Nxd5 32. Qxd6 Nxc7 (32... Qxe4+ $2 33. Kg1 $19) 33. Qxc7 Qxe4+ (33... Rxa2 $2 34. Qc2 $19) 34. Kg1 Rxa2 35. Qc8+ Kh7 $19) 29... Rxa2 {[%emt 0:00:47] Weighted Error Value: White=0.21 (precise) /Black=0.19 (very precise) .  Mistake:       	White=3     	Black=3      OK:         	White=9     	Black=6      Best:        	White=4     	Black=1} 1/2-1/2

[Event "Romanian Superliga 2024"]
[Site "Mamaia"]
[Date "2024.10.03"]
[Round "6.15"]
[White "Serban, Cristian-Stefan"]
[Black "Vavric, Pavel"]
[Result "1-0"]
[ECO "D30"]
[WhiteElo "2269"]
[BlackElo "2285"]
[Annotator "RC"]
[PlyCount "127"]
[EventDate "2024.09.26"]
[EventType "team-tourn"]
[EventCountry "ROU"]
[SourceTitle "playchess.com"]
[Source "ChessBase"]
[SourceQuality "1"]
[TimeControl "40/5400+30:1800+30"]

1. c4 c5 2. g3 Nf6 3. Bg2 e6 4. Nf3 d5 5. cxd5 exd5 6. d4 Nc6 7. O-O Be7 8. dxc5 Bxc5 9. Bg5 Be6 10. Qc1 Bb6 11. Qf4 h6 12. Bxf6 Qxf6 13. Qxf6 gxf6 14. Nc3 Ke7 15. Rfd1 Rhd8 16. Na4 d4 17. Ne1 Rac8 18. Nd3 Rc7 19. Nxb6 axb6 20. Nf4 Ne5 21. b3 Ng6 22. Nd3 Ne5 23. Nb4 Rd6 24. Rd2 Rcd7 25. Rad1 Bf5 26. e4 dxe3 27. Rxd6 Rxd6 28. Nd5+ Kd8 29. Nxe3 Rxd1+ 30. Nxd1 Kc7 31. Nc3 Be6 32. f4 Nd3 33. Kf1 Nc5 34. Ke2 Nd7 35. Ke3 Nc5 36. b4 Na6 37. a3 Kc8 38. Nd5 Bxd5 39. Bxd5 Nc7 40. Bxf7 Nb5 41. Bc4 Nd6 42. Bd3 Kd7 43. g4 Ke6 44. h4 Kd5 45. g5 fxg5 46. fxg5 hxg5 47. hxg5 Ke5 48. g6 Ne8 49. Be4 Kf6 50. Kd4 Nc7 51. Bd3 Ne6+ 52. Kd5 Nf4+ 53. Kc4 b5+ 54. Kd4 Ne6+ 55. Ke3 Nc7 56. Ke4 b6 57. g7 Kxg7 58. Ke5 Kf7 59. Kd6 Ne6 60. Bxb5 Nd4 61. Bd3 Ke8 62. Kc7 b5 63. Kb6 Kd8 64. Kc5 1-0

[Event "Romanian Superliga 2024"]
[Site "Mamaia"]
[Date "2024.10.03"]
[Round "6.16"]
[White "Sachilaru, Alexandru"]
[Black "Tampea, Radu"]
[Result "1-0"]
[ECO "B29"]
[WhiteElo "2265"]
[BlackElo "2226"]
[Annotator "RC"]
[PlyCount "61"]
[EventDate "2024.09.26"]
[EventType "team-tourn"]
[EventCountry "ROU"]
[SourceTitle "playchess.com"]
[Source "ChessBase"]
[SourceQuality "1"]
[TimeControl "40/5400+30:1800+30"]

1. e4 c5 2. Nf3 Nf6 3. Nc3 d5 4. e5 Nfd7 5. Nxd5 Nxe5 6. Nxe5 Qxd5 7. Nf3 Nc6 8. Be2 e5 9. O-O Be7 10. d3 O-O 11. Re1 b6 12. b3 Bb7 13. Bb2 Kh8 14. Bf1 f6 15. Nh4 f5 16. Qh5 Bxh4 17. Qxh4 Rae8 18. f4 Nd4 19. c4 Qd7 20. Rxe5 Rxe5 21. fxe5 f4 22. Qf2 f3 23. Bxd4 cxd4 24. Re1 Qe6 25. Be2 g5 26. Bxf3 g4 27. Bxg4 Qg8 28. Qxd4 Rd8 29. Qf4 Rf8 30. Qg3 Qg7 31. Bf3 1-0

[Event "Romanian Superliga 2024"]
[Site "Mamaia"]
[Date "2024.10.03"]
[Round "6.17"]
[White "Padurariu, Mihai-Edward"]
[Black "Patrascu, Catalin-Lucian"]
[Result "0-1"]
[ECO "B52"]
[WhiteElo "2233"]
[BlackElo "2298"]
[Annotator "RC"]
[PlyCount "104"]
[EventDate "2024.09.26"]
[EventType "team-tourn"]
[EventCountry "ROU"]
[SourceTitle "playchess.com"]
[Source "ChessBase"]
[SourceQuality "1"]
[TimeControl "40/5400+30:1800+30"]

1. e4 c5 2. Nf3 d6 3. Bb5+ Bd7 4. Bxd7+ Qxd7 5. O-O Nc6 6. c3 Nf6 7. d4 cxd4 8. cxd4 d5 9. e5 Ne4 10. Ne1 f6 11. f3 Ng5 12. Bxg5 fxg5 13. f4 Qf5 14. fxg5 Qxg5 15. Qd3 e6 16. Nc3 Bb4 17. Nc2 Bxc3 18. Qxc3 Rf8 19. b4 Rc8 20. Na3 Ne7 21. Qd3 Rxf1+ 22. Rxf1 Rc1 23. Nc2 Nf5 24. Qb5+ Kf8 25. Qd3 Rxf1+ 26. Kxf1 Qc1+ 27. Kf2 h5 28. Qc3 Kg8 29. Qd3 a6 30. a3 Qf4+ 31. Kg1 b5 32. Qd1 h4 33. h3 Ng3 34. Qe1 Kh7 35. Qd1 Kh6 36. Qe1 Kg5 37. Qd1 g6 38. Qe1 Nf5 39. Qd1 Kh6 40. Qd3 Qc1+ 41. Kf2 Kg5 42. Ne1 Qb2+ 43. Kf1 Ng3+ 44. Kg1 Qxd4+ 45. Qxd4 Ne2+ 46. Kf2 Nxd4 47. Ke3 Nf5+ 48. Kf3 Ne7 49. Nd3 Nc6 50. Ke2 Kf5 51. Nc5 a5 52. a4 Kxe5 0-1

[Event "Romanian Superliga 2024"]
[Site "Mamaia"]
[Date "2024.10.03"]
[Round "6.18"]
[White "Popescu, Daniel-Vasilica"]
[Black "Radu, David Cr."]
[Result "0-1"]
[ECO "B60"]
[WhiteElo "1953"]
[BlackElo "2159"]
[Annotator "RC"]
[PlyCount "72"]
[EventDate "2024.09.26"]
[EventType "team-tourn"]
[EventCountry "ROU"]
[SourceTitle "playchess.com"]
[Source "ChessBase"]
[SourceQuality "1"]
[TimeControl "40/5400+30:1800+30"]

1. e4 c5 2. Nf3 Nc6 3. d4 cxd4 4. Nxd4 Nf6 5. Nc3 d6 6. Bg5 a6 7. Nxc6 bxc6 8. Bc4 e6 9. Qd3 Qa5 10. f4 d5 11. Bxf6 gxf6 12. exd5 cxd5 13. Bxd5 exd5 14. O-O-O Bg7 15. Rhe1+ Kf8 16. Nxd5 Bg4 17. Rd2 h5 18. Ne7 Bh6 19. Qd4 Qxa2 20. Rd3 Qa1+ 21. Kd2 Qa5+ 22. b4 Qc7 23. Nd5 Qd6 24. c4 Rd8 25. c5 Qc6 26. Kc3 Be6 27. Rxe6 Qxe6 28. g3 Bg7 29. f5 Qxf5 30. Ne3 Qxd3+ 31. Qxd3 f5+ 32. Kc4 Rxd3 33. Kxd3 Ke8 34. Nxf5 Bb2 35. Kc4 Kd7 36. Nd6 Ke6 0-1

[Event "Romanian Superliga 2024"]
[Site "Mamaia"]
[Date "2024.10.03"]
[Round "6.19"]
[White "Motylev, Alexander"]
[Black "Baranciuc, Alexandr"]
[Result "1-0"]
[ECO "C71"]
[WhiteElo "2582"]
[BlackElo "2333"]
[Annotator "TA"]
[PlyCount "43"]
[EventDate "2024.09.26"]
[EventType "team-tourn"]
[EventCountry "ROU"]
[SourceTitle "playchess.com"]
[Source "ChessBase"]
[SourceQuality "1"]
[TimeControl "40/5400+30:1800+30"]

1. e4 e5 2. Nf3 Nc6 3. Bb5 a6 4. Ba4 d6 5. Nc3 Bd7 6. Bxc6 bxc6 7. d4 exd4 8. Qxd4 {[%emt 0:00:05] White is slightly better.} c5 9. Qd3 Nf6 10. Bf4 Be7 11. O-O-O O-O 12. e5 dxe5 13. Nxe5 Be6 14. Nc6 {[%emt 0:05:20] White has more active pieces. A dynamic duo of knights.} Qe8 {[%emt 0:00:05] Black is weak on the dark squares} 15. Nxe7+ Qxe7 16. Qg3 $36 {[%emt 0:00:34][%mdl 2048] White is in control.} Rac8 (16... Nh5 $16 {is a better defense.} 17. Qg5 Qxg5 18. Bxg5 Rfe8) 17. Bg5 $18 c4 (17... Rfd8 $142 18. f3 Rxd1+ 19. Rxd1 Rd8) 18. Rhe1 c6 $2 {[%emt 0:10:29] [#]} (18... Rfd8 19. Nd5 Rxd5 20. Rxd5 c3) 19. Ne4 (19. f4 $142) 19... Nxe4 20. Bxe7 Nxg3 21. Bxf8 (21. fxg3 Rfe8 22. Bb4 Bd5 $17) 21... Nh5 22. Bd6 {[%emt 0:05:22] Weighted Error Value: White=0.33/Black=0.39.  Mistake:       	White=1     	Black=3      Inaccurate:     	White=2     	Black=1      OK:         	White=7     	Black=3      Best:        	---       	Black=1} 1-0

[Event "Romanian Superliga 2024"]
[Site "Mamaia"]
[Date "2024.10.03"]
[Round "6.20"]
[White "Sapocinic, Semion"]
[Black "Parligras, Mircea-Emilian"]
[Result "0-1"]
[ECO "A13"]
[WhiteElo "2219"]
[BlackElo "2537"]
[Annotator "TA"]
[PlyCount "174"]
[EventDate "2024.09.26"]
[EventType "team-tourn"]
[EventCountry "ROU"]
[SourceTitle "playchess.com"]
[Source "ChessBase"]
[SourceQuality "1"]
[TimeControl "40/5400+30:1800+30"]

1. c4 e6 2. Nf3 d5 3. g3 d4 4. Bg2 Nc6 5. O-O Nh6 6. e3 Nf5 7. exd4 Ncxd4 8. Nc3 {[%emt 0:05:10] The position is equal.} Be7 9. d3 O-O 10. Nxd4 Qxd4 11. Nb5 Qd7 12. Bf4 Bd8 13. Re1 c6 14. Nc3 Bb6 15. Qd2 f6 16. Rad1 e5 17. Be3 Nxe3 18. fxe3 Qf7 19. Na4 Bg4 20. Rc1 Rfd8 21. Nxb6 axb6 22. d4 Rxa2 23. d5 Qe7 $36 {[%emt 0:07:07][%mdl 2048] Repels Qb4. Black has good play.} 24. Ra1 Rxa1 25. Rxa1 b5 26. cxb5 cxd5 (26... cxb5 27. Qa5 $11) 27. Bxd5+ Kf8 28. Qg2 b6 29. e4 (29. Bc4 $11) 29... Qc5+ $17 30. Qf2 Qxb5 31. Ra7 (31. Kg2 $142) 31... Bh3 $1 32. Rf7+ Ke8 33. Rc7 (33. Rxg7 $2 Rxd5 34. exd5 Qc4 35. Rg8+ (35. Rxh7 $2 Qc1+) (35. Qe1 Qd4+ 36. Kh1 Qxd5+) 35... Kd7 $19 (35... Kf7 36. Rf8+ Kxf8 37. Qxf6+ Kg8 38. Qg5+ Kf7 39. Qh5+ Kf8 40. Qxh3 $11) (35... Kf7 36. Rf8+ Kxf8 37. Qxf6+ Kg8 38. Qg5+ Kf7 39. Qh5+ Ke7 40. Qxh7+ Kd6 41. Qxh3 $11)) 33... Qa5 (33... Qa6 $142 34. Rc1 Rc8) 34. Qe2 {[%emt 0:01:43] White wants to mate with Qh5+.} Rc8 (34... Qa1+ 35. Kf2 Rxd5 (35... Rd7 36. Bc6 $11) 36. exd5 $11) 35. Qh5+ Kd8 {[%emt 0:00:04][%cal Ra5e1] Some like it hot} 36. Rxc8+ Bxc8 37. Qxh7 {[%emt 0:01:28][%mdl 4096] Endgame. KQB-KQB} Qa1+ 38. Kg2 Qxb2+ 39. Kg1 Qc1+ 40. Kg2 Qc2+ 41. Kh1 (41. Kf3 $15) 41... Qd1+ $1 42. Kg2 Qe2+ 43. Kg1 Qg4 44. Qg8+ Kc7 45. Kf2 Qd7 46. h3 Bb7 (46... Qxh3 47. Qxg7+ Bd7 48. Qxf6 $11) (46... b5 $19 47. Qf8 Kb6 (47... Qxh3 48. Qc5+ Kd7 49. Qxb5+ Ke7 50. Qc5+ Kd8 51. Qf8+ Kc7 52. Qxg7+ Bd7 53. Qxf6 $11)) 47. g4 (47. Qf8 $17) 47... Bxd5 $19 48. exd5 {[%emt 0:00:05] KQ-KQ} Kd6 49. Ke3 $2 (49. Qa8 {might work better.}) 49... Kc5 50. Ke4 {[%emt 0:01:46] [#]} f5+ $1 51. gxf5 {[%emt 0:01:53] Hoping for Qf8+.} (51. Kxe5 $2 Qd6+ 52. Kxf5 Qxd5+ 53. Qxd5+ Kxd5) 51... Qa4+ 52. Kf3 Qf4+ $2 (52... Qd1+ $1 $19 53. Kg3 Qg1+ (53... Qxd5 54. Qxg7 Qe4 55. Qc7+ Kb5 56. Qd7+ Ka6 57. Qc8+ Kb5 58. Qd7+ Kc5 59. Qe7+ Kc6 60. Qg5 $11) 54. Kh4 Qf2+ 55. Kh5 (55. Kg5 $2 Qg3+ 56. Kh5 Qxh3+ 57. Kg5 Qh6+ 58. Kg4 Qf4+ 59. Kh3 Qxf5+ 60. Kh2 Qf2+ 61. Kh3 Qf6 $19) 55... Qxf5+ 56. Kh4 Qf6+ 57. Kg4 b5) 53. Kg2 $15 Qg5+ ({Don't play} 53... Qxf5 54. Qxg7 Qc2+ (54... Kxd5 55. Qb7+ Kc5 56. Qc7+ Kb5 57. h4 $11) 55. Kg1 Qd1+ (55... Kxd5 56. Qd7+ Kc4 57. Qc6+ Kd3 58. Qd6+ Ke3 59. Qxb6+ Ke2 60. Qf2+ Kd3 61. Qf3+ Kd4 62. Kf1 $11) 56. Kf2) 54. Kh2 $1 Qd2+ (54... Qxf5 55. Qxg7 Qf2+ (55... Kxd5 56. Qb7+ Kc5 57. Qe7+ Kc4 58. Qc7+ Kb5 59. h4 $11) 56. Kh1) 55. Kg3 Qg5+ 56. Kh2 Qxf5 ({Better is} 56... Qf6 $17 57. Qc8+ Kxd5 58. Qa8+ Kc5) 57. Qxg7 Qf2+ 58. Kh1 $1 Kxd5 59. Qd7+ Ke4 60. Qc6+ Kf5 61. Qd7+ Kf4 62. Qf7+ (62. Qg4+ $1 $11 Ke3 63. h4) 62... Ke3 63. Qb3+ Ke4 $1 64. Qc4+ Qd4 $1 65. Qe6 $2 {[%emt 0:01:26][%mdl 8192] White does not recover from this.} (65. Qe2+ $17 Kd5 66. Qb5+ Kd6 67. Kh2) 65... Qd1+ 66. Kh2 Qe2+ $1 67. Kg1 b5 68. Qc6+ $2 (68. Qg6+ Kf4 69. Qg8) 68... Kd4 $2 (68... Kf4 {( -> ...Qe3+)} 69. Qe6 e4) 69. Qb6+ $19 {[%emt 0:01:39] [#]} Kc3 $1 {[%emt 0:01:45] Threatens to win with ...Qe1+.} 70. Qc5+ $2 (70. h4 Qe1+ (70... Qg4+ 71. Kf1 $11) 71. Kg2) 70... Kb3 71. Qd5+ Kb4 {[%emt 0:01:35] Strongly threatening ...e4.} 72. Qd6+ Ka4 {[%emt 0:00:13] White must now prevent ...b4.} 73. Qa6+ {[%emt 0:00:21] [#]} Kb3 $1 {[%emt 0:00:07] And now ...e4 would win.} 74. Qe6+ (74. h4 $142 e4 75. Qe6+ Ka3 76. h5) 74... Kb2 75. h4 b4 76. Qf5 $2 (76. Qd5 $19 Qe1+ 77. Kg2) 76... b3 77. h5 Qd1+ 78. Kg2 Qc2+ 79. Qf2 Ka3 80. h6 Qc6+ 81. Kf1 b2 {[%emt 0:02:10] Black mates.} 82. Qe3+ Kb4 83. Qd2+ Kb3 84. Qe3+ Ka4 85. Qa7+ Kb4 86. Qe7+ Qc5 87. Qh7 {[%emt 0:00:29] [#]} e4 $1 {[%emt 0:00:38][%mdl 512] Weighted Error Value: White=0.17 (very precise) /Black=0.17 (very precise) .  Loses game:     	White=1     	---        Missed win:     	---       	Black=1      Mistake:       	White=11    	Black=4      Inaccurate:     	White=3     	Black=5      OK:         	White=18    	Black=24     Best:        	White=14    	Black=12     Strong:       	White=2     	Black=4} 0-1

[Event "Romanian Superliga 2024"]
[Site "Mamaia"]
[Date "2024.10.03"]
[Round "6.21"]
[White "Gavrilescu, David"]
[Black "Tamas, Christian-Arrydan"]
[Result "1-0"]
[ECO "B12"]
[WhiteElo "2547"]
[BlackElo "2137"]
[Annotator "TA"]
[PlyCount "55"]
[EventDate "2024.09.26"]
[EventType "team-tourn"]
[EventCountry "ROU"]
[SourceTitle "playchess.com"]
[Source "ChessBase"]
[SourceQuality "1"]
[TimeControl "40/5400+30:1800+30"]

1. e4 c6 2. d4 d5 3. e5 c5 4. dxc5 e6 5. c3 Nd7 6. Nf3 Bxc5 7. Nbd2 Ne7 8. Nb3 {[%emt 0:00:34] The position is equal.} Qc7 9. Bf4 Ng6 10. Bg3 Be7 11. Qd4 Qb6 12. h4 f6 13. exf6 Bxf6 14. Qxb6 Nxb6 15. Bd3 O-O 16. O-O-O $36 {[%emt 0:14:18][%mdl 2048] White is in control.} e5 {[%emt 0:09:23][%cal Be6e5,Be5f4][%mdl 32] [#] ...e4 would now be deadly.} 17. h5 {[%emt 0:07:16] White is more active.} Nf4 18. Bxf4 exf4 19. Nfd4 Re8 20. Nc5 Nc4 21. Nb5 {[%emt 0:09:55] [#] aiming for Nc7. Excellent horsemanship.} (21. Bxc4 {simplifies} dxc4 22. f3 b6 23. Ne4) 21... Bg4 $2 {[%emt 0:18:15] A mistake that costs the game.} (21... Be5 $14) 22. f3 $18 Rec8 23. Bxc4 (23. Nxb7 Bd7 24. Bxc4 Rxc4) 23... dxc4 24. Ne4 Be6 25. Nxf6+ gxf6 26. Rd6 Kf7 (26... Rc5 $16 27. Nd4 (27. Rxe6 Rxb5 28. Rxf6 Rf8 $18) 27... Bf7 28. Rxf6 Rg5 29. Rxf4 Rxg2) 27. Re1 Bf5 (27... Rc5 28. Rexe6 Rxb5 29. Rxf6+ Ke7 30. Rde6+ Kd7) 28. Rd5 {[%emt 0:00:24] Weighted Error Value: White=0.08 (flawless) /Black=0.32.  Mistake:       	---       	Black=3      Inaccurate:     	White=1     	Black=2      OK:         	White=11    	Black=5      Best:        	White=2     	Black=3} 1-0

[Event "Romanian Superliga 2024"]
[Site "Mamaia"]
[Date "2024.10.03"]
[Round "6.22"]
[White "Dodoi, Matei-Teodor"]
[Black "Costachi, Mihnea"]
[Result "1/2-1/2"]
[ECO "E69"]
[WhiteElo "2091"]
[BlackElo "2472"]
[Annotator "TA"]
[PlyCount "106"]
[EventDate "2024.09.26"]
[EventType "team-tourn"]
[EventCountry "ROU"]
[SourceTitle "playchess.com"]
[Source "ChessBase"]
[SourceQuality "1"]
[TimeControl "40/5400+30:1800+30"]

1. d4 Nf6 2. c4 g6 3. Nf3 Bg7 4. g3 O-O 5. Bg2 d6 6. O-O Nbd7 7. Nc3 e5 8. e4 c6 9. h3 Re8 10. Re1 a6 11. Qc2 b5 12. c5 exd4 13. Nxd4 dxc5 14. Nxc6 Qb6 15. Be3 $1 Bb7 (15... Qxc6 $6 16. e5 $14) 16. Nb4 Qe6 17. Nbd5 Rac8 $36 {[%emt 0:00:52][%mdl 2048] Against Nc7. White is under pressure.} 18. Rad1 b4 19. Nf4 Qe5 20. Nd3 Qc7 21. Nd5 Qa5 22. Nxf6+ (22. a3 {is interesting.} Nxd5 23. exd5 Qb5 24. axb4 cxb4 25. Qd2) 22... Nxf6 23. Nxc5 {[%emt 0:02:08] [#]} (23. Bxc5 Bf8 24. e5 Bxg2 25. exf6 (25. Kxg2 $2 Nd7 $19) 25... Ba8 (25... Rxc5 $2 26. Nxc5 Rxe1+ 27. Rxe1 $18) (25... Be4 $2 26. Rxe4 Rxe4 27. Bxb4 $19) 26. Rxe8 Rxe8 $17) (23. e5 $1 $11 {keeps the balance.} Bxg2 24. Kxg2 (24. exf6 Be4 $17)) 23... Bxe4 $1 $17 24. Bxe4 {[%emt 0:02:20] [#]} Rxe4 25. Rc1 (25. Nb7 Rxc2) 25... Qxa2 ({Black should try} 25... Re5 $1 $17 {[%cal Og7f8] aiming for ...Bf8!} 26. Qc4 b3 27. Qxa6 (27. axb3 $2 Rcxc5 28. Qf4 Rxc1 $19) 27... Rcxc5 (27... Rexc5 $2 28. Qxa5 Rxc1 29. Rxc1 $18) 28. Qxa5 Rxa5 29. Rc8+ Re8 30. Rxe8+ Nxe8 31. axb3 Bxb2) 26. Nxe4 (26. Red1 $1 $14 {keeps the upper hand.} Qa5 27. Qb3 (27. Nxe4 Rxc2 28. Rxc2 h6 $16)) 26... Rxc2 27. Rxc2 {[%emt 0:00:35] [#] White wants to mate with Rc8+.} h6 $1 ({Worse is} 27... Nxe4 28. Rc8+ Bf8 29. Bh6 Qxb2 30. Rxf8#) 28. Nxf6+ Bxf6 29. Bxh6 {[%emt 0:00:34] [#]} Qb3 (29... Bxb2 $2 {is the wrong capture.} 30. Bc1 Qb1 31. Rxb2 $18 (31. Bxb2 $2 Qxe1+ 32. Kh2 Kh7 $19)) (29... a5 $1 $17 {[%cal Og6g5] White must now prevent ...g5!} 30. Kh2 a4 (30... Bxb2 $2 {perishes.} 31. Bc1 $18)) 30. Ree2 $11 Qf3 31. Be3 a5 32. Red2 Qf5 33. Rc5 Qb1+ 34. Kh2 a4 35. Rc4 a3 $1 36. bxa3 bxa3 {[%emt 0:00:32] Hoping for ...a2.} (36... b3 $5) 37. Ra4 Qb3 38. Ra8+ (38. Ra6 $14 Kg7 39. Rdd6) 38... Kg7 {[%emt 0:00:31] The position is equal.} 39. h4 Bb2 40. Rd7 a2 41. Rda7 {[%emt 0:04:04] Dancing on a razor blade.} a1=R 42. Rxa1 Bxa1 43. Rxa1 {[%emt 0:00:08][%mdl 4096] Endgame. KQ-KRB} Kf6 44. Ra5 Qc2 45. Rc5 Qa2 46. h5 {[%emt 0:01:33] And now h6 would win.} gxh5 47. Rxh5 Ke6 48. Rh4 f5 49. Rf4 Qe2 50. Rh4 Qf3 51. Rf4 Qd1 52. Rh4 Qf3 53. Rf4 Qd1 {[%emt 0:00:31] Weighted Error Value: White=0.12 (very precise) /Black=0.09 (flawless) .  Mistake:       	White=3     	Black=2      Inaccurate:     	White=1     	Black=2      OK:         	White=18    	Black=14     Best:        	White=1     	Black=1      Strong:       	White=1     	Black=2      Brilliant:      	---       	Black=2} 1/2-1/2

[Event "Romanian Superliga 2024"]
[Site "Mamaia"]
[Date "2024.10.03"]
[Round "6.23"]
[White "Georgescu, Tiberiu-Marian"]
[Black "Costache, Andrei Eugeniu"]
[Result "0-1"]
[ECO "D30"]
[WhiteElo "2466"]
[BlackElo "1977"]
[Annotator "TA"]
[PlyCount "80"]
[EventDate "2024.09.26"]
[EventType "team-tourn"]
[EventCountry "ROU"]
[SourceTitle "playchess.com"]
[Source "ChessBase"]
[SourceQuality "1"]
[TimeControl "40/5400+30:1800+30"]

1. d4 Nf6 2. Nf3 e6 3. c4 d5 4. e3 Bb4+ 5. Bd2 Be7 6. Nc3 O-O 7. Rc1 b6 8. cxd5 {[%emt 0:01:14] The position is equal.} exd5 9. Bd3 Bb7 10. Ne5 c5 11. O-O Nc6 12. Nxc6 Bxc6 13. dxc5 bxc5 14. Ne2 Bd6 15. Nd4 Bd7 16. Nf5 Be5 17. f4 Bxb2 18. Rxc5 Qb6 19. Ne7+ Kh8 20. Ra5 d4 21. e4 {[%emt 0:05:46] e5 would now be deadly.} Bc3 22. Rg5 (22. Ra6 $11 Qd8 23. e5) 22... Qb4 $36 {[%emt 0:01:57][%mdl 2048] Black is pushing.} 23. Nd5 Nxd5 24. Rxd5 Bc6 25. a3 $1 Qxa3 26. Bc1 Qa4 27. Bc2 Qb4 28. Rh5 {[%emt 0:01:05] [#]} Qb7 (28... f5 $1 $17 29. exf5 Rf6) 29. Qd3 (29. f5 $1 $11 {keeps the balance.} Bxe4 30. Bxe4 Qxe4 31. Rh3) 29... g6 (29... f5 $142 $1 {And now ...g6 would win.} 30. exf5 Rf6 (30... Bxg2 $2 31. f6 $18) (30... Bb5 31. Qh3 $11)) 30. Rc5 $17 a6 {[%emt 0:02:48] aiming for ...Bb5.} 31. Rxc3 dxc3 32. Qxc3+ f6 $1 33. e5 (33. Ba3 $15) 33... Rac8 $19 34. exf6 Bxg2 35. Qd4 (35. Qe5 {was the only chance.} Rf7 (35... Rxc2 36. f7#) (35... Qb6+ $2 36. Rf2 $16) 36. Re1) 35... Rfd8 (35... Rxc2 36. f7#) (35... Qd5 36. Qb2 h5 37. Bxg6 $17) 36. Qe5 Rd5 (36... Rxc2 37. f7#) 37. Qa1 (37. Qe7 Rd7 (37... Qxe7 38. fxe7 Bxf1 39. Bb2+ Kg8 40. Bb3 $15) 38. Qe5) 37... Kg8 {[%emt 0:03:04] ( -> ...Qb6+)} ({Stronger than} 37... Rxc2 38. f7+) 38. Rf2 {[%emt 0:01:06] [#]} Rxc2 $1 {[%emt 0:00:14][%mdl 512] Black mates.} 39. f7+ (39. Be3 Qd7) 39... Kxf7 40. f5 Rd1+ {[%emt 0:00:00] Weighted Error Value: White=0.49/Black=0.14 (very precise) .  Missed win:     	---       	Black=1      Mistake:       	White=5     	Black=2      Inaccurate:     	White=3     	Black=1      OK:         	White=14    	Black=12     Best:        	White=1     	Black=3      Strong:       	White=1     	Black=1} 0-1

[Event "Romanian Superliga 2024"]
[Site "Mamaia"]
[Date "2024.10.03"]
[Round "6.24"]
[White "Codru, Raul Cristian"]
[Black "Tudor, Henry Edward"]
[Result "0-1"]
[ECO "E35"]
[WhiteElo "1786"]
[BlackElo "2347"]
[Annotator "TA"]
[PlyCount "50"]
[EventDate "2024.09.26"]
[EventType "team-tourn"]
[EventCountry "ROU"]
[SourceTitle "playchess.com"]
[Source "ChessBase"]
[SourceQuality "1"]
[TimeControl "40/5400+30:1800+30"]

1. d4 Nf6 2. c4 e6 3. Nc3 Bb4 4. Qc2 d5 5. cxd5 exd5 6. Bg5 h6 7. Bh4 g5 8. Bg3 Ne4 9. e3 h5 {[%emt 0:00:19] White is slightly better.} 10. f3 Nxg3 11. hxg3 Nc6 12. a3 Bxc3+ 13. Qxc3 Qd6 14. Ne2 Bd7 15. g4 h4 16. Rc1 b6 {[%emt 0:13:25] Against Qc5} (16... O-O-O $15) 17. Kf2 (17. g3 $11) 17... O-O-O $15 18. b4 $2 {[%emt 0:08:53] [#] Now White is beyond hope.} (18. g3 $1 $15) 18... Ne7 $19 19. Qd3 Kb8 20. Nc3 (20. Kg1 $142) 20... f5 21. gxf5 Nxf5 22. Nb5 (22. e4 $142 dxe4 (22... Ng3 $2 23. e5 $17) 23. Nxe4) 22... Qg3+ 23. Kg1 h3 {[%emt 0:00:35] [#] ( -> ...hxg2)} 24. Rh2 Nh4 25. Qe2 hxg2 {[%emt 0:00:13] Weighted Error Value: White=1.14/Black=0.05 (flawless) .  Mistake:       	White=4     	Black=1      Inaccurate:     	White=3     	---        OK:         	White=4     	Black=10     Best:        	---       	Black=2} 0-1